cohdb
Replays
Latest Replays
All Replays
Popular Replays
Top Player Replays
Match Explorer
How It Works
Community
CoH3 Stats
Reddit
Sign in to upload your games and track your stats! →
Sign in with Steam
Match 45624692
Unlisted
Match 45624692
Overview
Messages
Build Orders
End
Construct Section Command Post
Vickers Machine Gun Team
Selects Air and Sea Battlegroup
Dingo Light Scout Car
Infantry Section
Infantry Section
Construct Platoon Command Post
Selects Supply Surplus
Construct Resource Cache
Construct Resource Cache
Grenade Package
Unlock M3 Stuart Light Tanks
M3 Stuart Light Tank
Construct Resource Cache
Selects Commando Section Paradrop
Selects Commando Support Section Paradrop
M3 Stuart Light Tank
M3 Stuart Light Tank
Construct Resource Cache
Construct Resource Cache
Construct Resource Cache
Construct Company Command Post
Selects Anti-tank Rocket Loiter
Unlock M3 Grant Medium Tanks
M3 Grant Medium Tank
Commando Support Section Paradrop
M3 Grant Medium Tank
Commando Section Paradrop
Volve
max
오렌지플래닛
FortySe7en
Be Frabjous
water
Hirys it's Irys
Lapis Rose
0
0
Comments
sign in to comment!
No comments posted yet!